 Dungeon Crawl Stone Soup version 0.31-a0-1405-g2bb1a01664 (webtiles) character file.

Game seed: 5921051787073267585

20 RepHenryClay the Covered (level 2, -5/24 HPs)
             Began as a Demonspawn Fighter on Dec 25, 2023.
             Slain by a gnoll
             ... wielding a +0 halberd
              (10 damage)
             ... on level 2 of the Dungeon.
             The game lasted 00:01:28 (758 turns).

RepHenryClay the Covered (Demonspawn Fighter)        Turns: 758, Time: 00:01:28

Health: -5/24      AC:  8    Str: 16    XL:     2   Next: 58%
Magic:  2/2        EV:  8    Int:  8    God:
Gold:   93         SH:  4    Dex: 12    Spells: 1/1 levels left

rFire   + . .        a - +0 war axe
rCold   . . .        c - +0 buckler
rNeg    . . .        b - +0 scale mail
rPois   .            (no helmet)
rElec   .            (no cloak)
rCorr   .            (no gloves)
SInv    .            (no boots)
Will    .....        (no amulet) Stlth
                     e - ring of protection from fire
HPRegen 0.24/turn    (no ring)
MPRegen 0.08/turn

%: no passive effects
@: no status effects
A: slimy green scales 1
a: no special abilities


You were on level 2 of the Dungeon.
You visited 1 branch of the dungeon, and saw 2 of its levels.

You collected 93 gold pieces.

Inventory:

Hand Weapons
 a - a +0 war axe (weapon)
Armour
 b - a +0 scale mail (worn)
 c - a +0 buckler (worn)
Jewellery
 e - a ring of protection from fire (left hand)
 f - a ring of magical power
Potions
 d - a potion of might
 g - a potion of curing {unknown}
 h - a potion of brilliance {unknown}
 i - a potion of mutation {unknown}
 j - a potion of attraction {unknown}


   Skills:
 - Level 3.0 Fighting
 + Level 2.4 Axes
 + Level 3.1 Armour
 - Level 2.6 Shields


You had one spell level left.
You didn't know any spells.
Your spell library was empty.

Dungeon Overview and Level Annotations

Branches:
Dungeon (2/15)

Altars:

Annotations:
D:1 2 transporters


Innate Abilities, Weirdness & Mutations

You are partially covered in slimy green scales. (AC +2)


Message History

You barely miss the kobold. The kobold hits you but does no damage.
You hit the kobold.
The kobold is moderately wounded.
You block the kobold's attack.
You hit the kobold.
You kill the kobold!
No target in view!
You now have 86 gold pieces (gained 13).
Found a leather armour.
Found a stone staircase leading up.
You now have 93 gold pieces (gained 7).
Found a hand axe.
A gnoll comes into view. It is wielding a +0 halberd.
A gnoll is nearby!
A gnoll comes into view. It is wielding a +0 halberd.
The gnoll shouts!
You block the gnoll's attack.
You slash the gnoll!
The gnoll is heavily wounded.
You block the gnoll's attack.
The gnoll hits you from afar with a +0 halberd.
Damage: -4%(-1hp) hp: 96%(23hp)
You barely miss the gnoll.
The gnoll is heavily wounded.
The gnoll hits you from afar with a +0 halberd.
The gnoll hits you with a +0 halberd. x2; The gnoll barely misses you.
Huge Dmg: -41%(-10hp) hp: 55%(13hp)
You barely miss the gnoll.
The gnoll is heavily wounded.
The gnoll hits you with a +0 halberd!
* * * LOW HITPOINT WARNING * * *
The gnoll hits you from afar with a +0 halberd.
* * * LOW HITPOINT WARNING * * *
Huge Dmg: -38%(-9hp) hp: 17%(4hp) Welcome back, RepHenryClay the Demonspawn Fighter.
Press ? for a list of commands and other information.
The gnoll closely misses you. The gnoll attacks as it pursues you!
You block the gnoll's attack. The gnoll attacks as it pursues you!
The gnoll hits you from afar with a +0 halberd!
You die...

################
.............)..
########........
..########.##########
..'.....g...........#
..##...##...........#
#... #.g#.........#
#... #..#.#######.#.#
#... #..@........<.[#
#...
#...###...#########
#...
#...#..............
#...
#...#.#.......######.
#...#.#.##.#.........
#...#.#.#....).......
#...#.#.#............
....#.#.#...<........
#.#.##.....#.##..


You could see 2 gnolls.

Vanquished Creatures
  2 ball pythons (D:1)
  An endoplasm (D:1)
  5 goblins (D:1)
  3 hobgoblins (D:1)
  A quokka (D:1)
  3 bats (D:1)
  A kobold (D:2)
  2 rats (D:1)
18 creatures vanquished.

Notes
Turn   | Place    | Note
-------+----------+-------------------------------------------
     0 | D:1      | RepHenryClay the Demonspawn Fighter began the quest for the
                  | Orb.
     0 | D:1      | Reached XP level 1. HP: 18/18 MP: 1/1
   131 | D:1      | Gained mutation: You are partially covered in slimy green
                  | scales. (AC +2) [demonic ancestry]
   131 | D:1      | Reached XP level 2. HP: 20/24 MP: 2/2
   442 | D:1      | Found a faded altar of an unknown god.
   758 | D:2      | Slain by a gnoll

Illustrated notes

Levels and vault maps discovered:
D:1:      spicycebolla_arrival_transporter_tutorial, layout_basic,
          dreamdust_ecumenical_altar_hidden_monk_grotto, serial_forest,
          infiniplex_forest_corner_1, infiniplex_forest_lined_room_3,
          infiniplex_forest_clump_small, infiniplex_forest_end_double,
          infiniplex_forest_clump_double, infiniplex_forest_clump_small,
          st_stairs_13
D:2:      layout_basic, minmay_misc_feat_pillars, kennysheep_jessica_study,
          uniq_terence

Skill      XL: |  1 |
---------------+----+-----
Axes           | 2 |  2.4
Armour         | 3 |  3.1
Fighting       | |  3.0
Shields        | |  2.6

Action                     || total
---------------------------++-------
  Melee: War axe           ||    41
 Armour: Scale mail        ||    29
  Dodge: Dodged            ||    16
  Block: Buckler           ||     8

Table legend: (Time is in decaauts)
 A = Elapsed time spent in this place.
 B = Non-inter-level travel time spent in this place.
 C = Inter-level travel time spent in this place.
 D = Time resting spent in this place.
 E = Time spent auto-exploring this place.
 F = Levels seen in this place.
 G = Mean time per level.
                   A        B        C        D        E       F      G
               +--------+--------+--------+--------+--------+-----+--------+
         Total |    781 |    773 |      8 |      0 |    628 |   2 |  390.5 |
       Dungeon |    781 |    773 |      8 |      0 |    628 |   2 |  390.5 |
               +--------+--------+--------+--------+--------+-----+--------+

Top non-repeatable levels by time:
     D:1: 732 daAuts
     D:2: 48 daAuts
